 Dungeon Crawl Stone Soup version 0.32-a0-913-g739538afd8 (webtiles) character file.

Game seed: 15827744530557151363

481386 uglyjohn the Champion of Chaos (level 23, -10/256 HPs)
             Began as a Mountain Dwarf Monk on Mar 21, 2024.
             Was the Champion of Makhleb.
             Mangled by a spark wasp (17 damage)
             ... on level 3 of the Depths on Apr 8, 2024.
             The game lasted 03:53:59 (71668 turns).

uglyjohn the Champion of Chaos (MDMo)              Turns: 71668, Time: 03:53:59

Health: -10/256    AC: 43    Str: 24    XL:     23   Next: 25%
Magic:  29/39      EV: -2    Int: 18    God:    Makhleb [******]
Gold:   699        SH: 26    Dex: 12    Spells: 22/22 levels left

rFire   + . .        W - +2 broad axe (heavy)
rCold   + + .        G - +2 tower shield {rC+}
rNeg    + . .        S - +2 crystal plate armour {rC+}
rPois   .            o - +2 helmet
rElec   .            L - +0 cloak
rCorr   +            T - +1 pair of gloves {hurl}
SInv    +            x - +3 pair of seven-league boots {Rampage+∞}
Will    ++...        d - amulet of reflection Stlth
                     a - ring "Rejuej" {rCorr Int+6 SInv}
HPRegen 0.62/turn    z - ring of the Ancients {rF+ rN+ Slay+3}
MPRegen 0.26/turn

%: reflection, rampage+∞
@: hasted, constricted, studying 3 skills, very quick
A: runic magic, artefact enchanting, robust 2, persistent drain
}: 3/15 runes: serpentine, barnacled, silver
a: Renounce Religion, Minor Destruction, Lesser Servant of Makhleb, Major
Destruction, Greater Servant of Makhleb


You were on level 3 of the Depths.
You worshipped Makhleb.
Makhleb was exalted by your worship.
You visited 8 branches of the dungeon, and saw 39 of its levels.
You visited the Abyss 1 time.
You also visited: Ossuary, Bailey, Gauntlet and Ice Cave.

You collected 5244 gold pieces.
You spent 4545 gold pieces at shops.

Inventory:

Hand Weapons
 W - a +2 heavy broad axe (weapon)
Armour
 o - a +2 helmet (worn)
 x - the +3 pair of seven-league boots (worn) {Rampage+∞}
   (You found it on level 5 of the Vaults)

   Rampage+∞: When moving toward enemies, its wearer moves as far as possible,
   alerting their target en route.
 G - a +2 tower shield of cold resistance (worn)
 L - a +0 cloak (worn)
 S - a +2 crystal plate armour of cold resistance (worn)
 T - a +1 pair of gloves of hurling (worn)
Jewellery
 a - the ring "Rejuej" (left hand) {rCorr Int+6 SInv}
   (You took it off a vault warden on level 4 of the Vaults)

   [ring of intelligence]

   Int+6:     It affects your intelligence (+6).
   SInv:      It lets you see invisible.
   rCorr:     It protects you from acid and corrosion.
 d - an amulet of reflection (around neck)
 m - an amulet of guardian spirit
 s - a ring of poison resistance
 t - the ring "Onuitoel" {rN+ Will+ rCorr Str-2 Dex+6}
   (You took it off a naga warrior on level 1 of the Snake Pit)

   [ring of dexterity]

   Str-2:     It affects your strength (-2).
   Dex+6:     It affects your dexterity (+6).
   rN+:       It protects you from negative energy.
   Will+:     It increases your willpower.
   rCorr:     It protects you from acid and corrosion.
 z - the ring of the Ancients (right hand) {rF+ rN+ Slay+3}
   (You bought it in a shop on level 2 of the Snake Pit)

   [ring of positive energy]

   Slay+3:    It affects your accuracy & damage with ranged weapons and melee
   (+3).
   rF+:       It protects you from fire.
   rN+:       It protects you from negative energy.
 I - a ring of willpower
 J - a +4 ring of slaying
 M - a +5 ring of evasion
 P - a ring of see invisible
 Q - the amulet of Tewkekle {Regen+ rCorr}
   (You took it off an orc on level 5 of the Vaults)

   [amulet of regeneration]

   Regen+:    It increases your rate of health regeneration.
   rCorr:     It protects you from acid and corrosion.
 R - a ring of ice
 U - a ring of protection from cold
 Y - a ring of protection from fire
Wands
 B - a wand of charming (47)
 D - a wand of quicksilver (15)
 F - a wand of mindburst (14)
 K - a wand of digging (8)
 N - a wand of flame (62)
 O - a wand of polymorph (9)
Scrolls
 g - 2 scrolls of enchant armour
 h - 8 scrolls of immolation
 j - 6 scrolls of fear
 k - 13 scrolls of fog
 n - 9 scrolls of poison
 q - 2 scrolls of silence
 w - 24 scrolls of teleportation
 E - 6 scrolls of revelation
 H - 2 scrolls of amnesia
 Z - a scroll of brand weapon
Potions
 b - 7 potions of might
 c - 4 potions of berserk rage
 e - 20 potions of curing
 f - a potion of ambrosia
 i - a potion of heal wounds
 l - 5 potions of mutation
 r - 6 potions of cancellation
 v - 6 potions of enlightenment
 A - 5 potions of invisibility
 C - a potion of lignification
 X - a potion of resistance
Miscellaneous
 u - a condenser vane
 y - a Gell's gravitambourine (2/2)
 V - a box of beasts


   Skills:
 - Level 19.6 Fighting
 - Level 24.8 Axes
 - Level 21.8 Armour
 - Level 8.2 Dodging
 - Level 16.6 Shields
 - Level 25.0 Invocations
 + Level 11.6 Evocations


You had 22 spell levels left.
You didn't know any spells.
Your spell library contained the following spells:

 Spells                   Type           Power      Damage    Failure   Level
 Foxfire                  Conj/Fire      0%         2x1d4     65%         1
 Kiss of Death            Conj/Necr      0%         2d5       65%         1
 Magic Dart               Conj           0%         1d3       65%         1
 Necrotise                Necr           0%         1d4       65%         1
 Slow                     Hex            0%         N/A       65%         1
 Sting                    Conj/Alch      0%         1d3       65%         1
 Blink                    Tloc           0%         N/A       80%         2
 Call Imp                 Summ           0%         N/A       80%         2
 Ensorcelled Hibernation  Hex/Ice        0%         N/A       80%         2
 Jinxbite                 Hex            0%         N/A       80%         2
 Lesser Beckoning         Tloc           0%         N/A       80%         2
 Mercury Vapours          Alch/Air       0%         N/A       80%         2
 Momentum Strike          Conj/Tloc      0%         3d8       80%         2
 Sublimation of Blood     Necr           0%         N/A       80%         2
 Call Canine Familiar     Summ           0%         N/A       95%         3
 Confusing Touch          Hex            0%         N/A       95%         3
 Dazzling Flash           Conj/Hex       0%         N/A       95%         3
 Frozen Ramparts          Ice            0%         1d1       95%         3
 Hailstorm                Conj/Ice       0%         3d5       95%         3
 Inner Flame              Hex/Fire       0%         N/A       95%         3
 Mephitic Cloud           Conj/Alch/Air  0%         N/A       95%         3
 Ozocubu's Armour         Ice            0%         N/A       95%         3
 Passwall                 Erth           0%         N/A       95%         3
 Sigil of Binding         Hex            0%         N/A       95%         3
 Summon Ice Beast         Ice/Summ       0%         N/A       95%         3
 Swiftness                Air            0%         N/A       95%         3
 Teleport Other           Tloc           0%         N/A       95%         3
 Tukima's Dance           Hex            0%         N/A       95%         3
 Vampiric Draining        Necr           0%         2d6       95%         3
 Animate Armour           Summ/Erth      0%         N/A       100%        4
 Brom's Barrelling Bould  Conj/Erth      0%         2d3       100%        4
 Cause Fear               Hex            0%         N/A       100%        4
 Dimensional Bullseye     Hex/Tloc       0%         N/A       100%        4
 Dispel Undead            Necr           0%         3d6       100%        4
 Flame Wave               Conj/Fire      0%         2d4       100%        4
 Iskenderun's Mystic Bla Conj/Tloc 0%             2d3        (+2d1     100%        4
 Leda's Liquefaction      Alch/Erth      0%         N/A       100%        4
 Martyr's Knell           Necr/Summ      0%         N/A       100%        4
 Olgreb's Toxic Radiance  Alch           0%         N/A       100%        4
 Sticky Flame             Fire/Alch      0%         2d4       100%        4
 Summon Blazeheart Golem  Fire/Summ      0%         N/A       100%        4
 Summon Lightning Spire   Summ/Air       0%         N/A       100%        4
 Vhi's Electric Charge    Tloc/Air       0%         N/A       100%        4
 Arcjolt                  Conj/Air       0%         1d10      100%        5
 Curse of Agony           Necr           0%         N/A       100%        5
 Fireball                 Conj/Fire      0%         3d3       100%        5
 Iskenderun's Battlesphe  Conj           0%         2d6       100%        5
 Lee's Rapid Deconstruct  Erth           0%         3d4*      100%        5
 Metabolic Englaciation   Hex/Ice        0%         N/A       100%        5
 Silence                  Hex/Air        0%         N/A       100%        5
 Summon Forest            Summ/Tloc      0%         N/A       100%        5
 Summon Mana Viper        Hex/Summ       0%         N/A       100%        5
 Yara's Violent Unravell  Hex/Alch       0%         3d3       100%        5
 Bombard                  Conj/Erth      0%         9d1       100%        6
 Conjure Ball Lightning   Conj/Air       0%         3x3d6     100%        6
 Death Channel            Necr           0%         N/A       100%        6
 Dispersal                Tloc           0%         N/A       100%        6
 Eringya's Noxious Bog    Alch           0%         4d6       100%        6
 Gell's Gavotte           Tloc           0%         2d(11-16) 100%        6
 Permafrost Eruption      Ice/Erth       0%         2x4d1     100%        6
 Plasma Beam              Fire/Air       0%         2x1d10    100%        6
 Sculpt Simulacrum        Ice/Alch       0%         N/A       100%        6
 Starburst                Conj/Fire      0%         6d3       100%        6
 Enfeeble                 Hex            0%         N/A       100%        7
 Monstrous Menagerie      Summ           0%         N/A       100%        7
 Orb of Destruction       Conj           0%         9d5       100%        7
 Ozocubu's Refrigeration  Ice            0%         4d7       100%        7
 Spellforged Servitor     Conj/Summ      0%         N/A       100%        7
 Summon Hydra             Summ           0%         N/A       100%        7
 Dragon's Call            Summ           0%         N/A       100%        9
 Polar Vortex             Ice            0%         N/A       100%        9


Dungeon Overview and Level Annotations

Branches:
Dungeon (15/15)            Temple (1/1) D:7            Lair (5/5) D:10
 Shoals (4/4) Lair:3        Snake (4/4) Lair:2        Slime (0/5) Lair:5
    Orc (2/2) D:11            Elf (0/3) Orc:2        Vaults (5/5) D:13
  Crypt (0/3) Vaults:3     Depths (3/4) D:15        Ossuary (visited)
 Bailey (visited)           IceCv (visited)         Gauntlet (visited)

Altars:
Ashenzari
Cheibriados
Dithmenos
Elyvilon
Fedhas
Gozag
Hepliaklqana
Kikubaaqudgha
Makhleb
Nemelex Xobeh
Okawaru
Qazlal
Ru
Sif Muna
Trog
Uskayaw
Vehumet
Wu Jian
Xom
Yredelemnul
Zin
The Shining One
Beogh
Jiyva

Shops:
D:4 :   D:5 =   D:12 *   Orc:2 **:::   Snake:1 :   Snake:2 *?=:   Snake:3 ((*
Vaults:1 *   Depths:1 ?

Portals:
Hell: Depths:1
Pandemonium: Depths:2
Ziggurat: Depths:1

Annotations:
Snake:1 exclusion: oklob plant
Vaults:2 2 transporters, Plog's ghost, veteran CoAr
Depths:2 2 transporters, exclusion: 2 doors


Innate Abilities, Weirdness & Mutations

Your spellcasting is much less encumbered by armour.
You can use scrolls of enchantment on lesser artefacts.
You are very robust. (+20% HP)
Your health recovers twice as slowly from being drained.


Message History

* * * LOW HITPOINT WARNING * * *
The shadow dragon bites you but does no damage.
The shadow dragon claws you but does no damage. x2
You feel better.
You feel less invigorated.
You block the spriggan defender's attack.
The spriggan defender hits you but does no damage.
You block the spark wasp's attack.
You block the spriggan defender's attack. x2
The tentacled monstrosity tentacle-slaps you but does no damage.
The tentacled monstrosity barely misses you.
The tentacled monstrosity tentacle-slaps you but does no damage.
The shadow dragon barely misses you.
The shadow dragon claws you but does no damage. x2
You feel yourself speed up. You block the spark wasp's attack.
You block the spriggan defender's attack.
The spriggan defender hits you with a +2 antimagic quick blade!
* * * LOW HITPOINT WARNING * * *
You feel your power leaking away.
The spark wasp stings you but does no damage.
The walking frostbound tome erupts in a flurry of living spells!
The tentacled monstrosity closely misses you.
The tentacled monstrosity tentacle-slaps you but does no damage. x2
The tentacled monstrosity grabs you.
The tentacled monstrosity constricts you!
* * * LOW HITPOINT WARNING * * *
You block the iron dragon's attack. x2
The iron dragon tramples you but does no damage.
The shadow dragon bites you but does no damage.
The shadow dragon claws you but does no damage. x2
A fire giant comes into view.
It is wielding a +0 great sword of flaming.
You hear a deafening roar!
The tentacled monstrosity's grasp on you weakens, but your attempt to escape fails.
You block the spriggan defender's attack.
The spriggan defender hits you with a +2 antimagic quick blade!
* * * LOW HITPOINT WARNING * * *
You feel your power leaking away. The spark wasp stings you!
* * * LOW HITPOINT WARNING * * *
The spark wasp shocks you!
You die...

#.# ... #.# .#....
#.## .#... #..## ....
#...#####..#
#...DD....#
#..yiD....#
#...@Dy..#
....#.).†XQ**#
##..##[.###C)##
##....#.## ##;#
+.....#.#.....*C.*.+
....
#.....#.##.##.#....#
.....
#.....#..###..##...#
......#..)..#........
....+
§.....#.....#........
....


You could see a shadow dragon, a tentacled monstrosity, an iron dragon, a storm
dragon, a frost giant, a walking frostbound tome, a fire giant, a fire dragon, a
tengu reaver (repels missiles), a spriggan defender, 2 spark wasps and 3 living
spells.

Vanquished Creatures
  2 ancient liches
  A dread lich (Vaults:4)
  A juggernaut (Depths:3)
  Boris (twice) (Vaults:5 Depths:2)
  3 golden dragons (Depths:3)
  The ghost of Qecvurom the Warrior, an adept DrRe of Fedhas (Vaults:4)
  3 tentacled monstrosities
  Jorgrun (Shoals:1)
  3 liches
  A walking divine tome (Depths:3)
  A walking earthen tome (Depths:3)
  4 titans
  3 quicksilver dragons
  Polyphemus (Shoals:3)
  3 sphinxes
  2 ancient champions (Vaults:3)
  Aizul (Snake:1)
  A shadow dragon (Vaults:5)
  5 nagarajas
  6 tengu reavers
  6 frost giants
  3 storm dragons (Vaults:5)
  Roxanne (D:15)
  An iron dragon (Vaults:5)
  2 fire giants
  4 deep elf sorcerers
  2 balrugs
  15 vault wardens
  A cacodemon (Abyss:2)
  17 ironbound preservers
  3 formless jellyfish
  7 stone giants
  8 very ugly things
  The ghost of Goc Tato the Ripper, a journeyman FeBe of Trog (Snake:2)
  7 ironbound thunderhulks
  2 deep elf demonologists (Vaults:5)
  Nessos (Orc:2)
  A deep elf annihilator (Vaults:4)
  A minotaur (Gauntlet)
  11 dire elephants
  A war gargoyle (Vaults:5)
  Azrael (Snake:2)
  Snorg (D:13)
  10 ettins
  Josephine (Orc:2)
  A jiangshi (Depths:1)
  3 merfolk javelineers (Shoals:4)
  4 fire dragons
  6 merfolk impalers
  14 yaktaur captains
  41 vault guards
  2 deep elf high priests
  An ice dragon (Depths:2)
  A catoblepas (Shoals:3)
  4 great orbs of eyes
  3 salamander tyrants
  A spriggan air mage (Depths:3)
  A merfolk avatar (Shoals:4)
  2 rakshasas
  4 hydras
  Erolcha (D:9)
  A peacekeeper (Vaults:2)
  6 ogre magi
  16 anacondas
  9 ironbound frosthearts
  The ghost of Skryme the Protected, a journeyman DsFi of Makhleb (D:12)
  11 centaur warriors
  3 satyrs
  An alligator snapping turtle (Shoals:4)
  A dancing weapon (D:12)
  9 boulder beetles
  12 death yaks
  6 deep troll earth magi
  25 two-headed ogres
  4 merfolk aquamancers
  2 orc high priests
  A thrashing horror (Vaults:4)
  9 naga warriors
  A death knight (Vaults:3)
  4 deep troll shamans
  3 spriggan berserkers
  2 vampire magi
  16 naga sharpshooters
  An occultist (Depths:3)
  4 shock serpents
  4 soul eaters (Depths:2)
  3 sun demons
  An iron troll (Depths:1)
  A shadow wraith (Abyss:2)
  9 spriggans
  A fire crab (Gauntlet)
  A skyshark (Shoals:3)
  2 wretched stars
  11 skeletal warriors
  A storm dragon skeleton (Vaults:3)
  2 salamander mystics
  A sixfirhy (Abyss:2)
  26 deep trolls
  2 flayed ghosts
  A large abomination (Abyss:2)
  12 naga ritualists
  8 sea snakes
  2 swamp dragons (Lair:4)
  19 mana vipers
  8 arcanists
  15 lindwurms
  4 deep elf pyromancers (D:15)
  A mana viper (shapeshifter) (Vaults:4)
  3 necromancers
  6 harpies
  4 orc knights
  An oklob plant (Lair:2)
  10 phantasmal warriors
  19 ironbound convokers
  10 fauns
  A worldbinder (Abyss:2)
  14 salamanders
  A frost giant zombie (Vaults:3)
  5 orc sorcerers
  13 manticores
  A shadow dragon skeleton (Vaults:3)
  23 ugly things
  6 cyclopes
  Maurice (D:8)
  A shining eye (shapeshifter) (Vaults:1)
  6 merfolk sirens
  A meliai (D:9)
  A centaur zombie (D:15)
  26 vault sentinels
  2 water nymphs (Shoals:4)
  9 elephants
  39 black mambas
  15 naga magi
  3 kobold blastminers (Orc:2)
  11 guardian serpents
  A rust devil (Abyss:2)
  5 smoke demons (Depths:2)
  2 orange demons (Abyss:2)
  A torpor snail (Lair:1)
  An ice statue (IceCv)
  37 yaktaurs
  An unseen horror (D:10)
  22 cane toads
  2 centaur skeletons (D:15)
  A gargoyle (D:12)
  Maggie (D:9)
  A minotaur zombie (Gauntlet)
  A kobold demonologist (Bailey)
  12 komodo dragons
  8 rime drakes
  An efreet (D:9)
  15 merfolk
  3 tengu conjurers
  3 freezing wraiths
  A human skeleton (Vaults:3)
  A merfolk (shapeshifter) (Depths:1)
  6 hornets
  13 polar bears
  8 trolls
  A yaktaur skeleton (Vaults:3)
  A raiju (Abyss:2)
  Grinder (D:4)
  2 wind drakes
  A dream sheep (shapeshifter) (Vaults:4)
  A glass eye (shapeshifter) (Vaults:4)
  13 blink frogs
  11 dream sheep
  An ettin zombie (Vaults:3)
  6 snapping turtles
  A glass eye (Depths:2)
  30 slime creatures
  11 water elementals
  A culicivora (shapeshifter) (Vaults:4)
  5 wyverns
  6 starcursed masses (Abyss:2)
  4 shadows
  4 basilisks
  A vampire (D:11)
  2 fire bats (Gauntlet)
  62 yaks
  Eustachio (D:4)
  2 fire elementals (Snake:2)
  3 wargs
  5 wraiths
  A human (D:7)
  3 neqoxecs (Gauntlet)
  3 hogs (D:7)
  6 vampire mosquitoes
  3 steam dragons (D:9)
  A redback (shapeshifter) (Vaults:5)
  Edmund (D:6)
  3 acid dragons
  8 small abominations
  2 hell hounds (Snake:1)
  43 nagas
  12 water moccasins
  Duvessa (D:4)
  3 sky beasts
  6 black bears
  3 ice beasts
  24 orc warriors
  28 ogres
  3 boggarts (Lair:5)
  50 wolves
  15 centaurs
  A weeping skull (D:14)
  4 kobold brigands
  12 bullfrogs
  3 gnoll sergeants
  A brain worm (Abyss:2)
  3 scorpions
  Dowan (D:4)
  A burial acolyte (Ossuary)
  9 wights
  11 killer bees
  The ghost of hecktor the Shooter, a weakling OpHu (D:4)
  19 electric eels
  8 howler monkeys
  A bombardier beetle (D:5)
  2 crimson imps
  2 hounds
  17 orc priests
  Jessica (D:2)
  2 iguanas (D:5)
  22 orc wizards
  A boggart skeleton (D:15)
  A scorpion simulacrum (D:4)
  Robin (D:2)
  16 gnolls
  5 adders
  2 hound simulacra (D:4)
  2 white imps
  6 ufetubi
  2 adder skeletons (Ossuary)
  5 ribbon worms
  2 adder simulacra (D:4)
  A dart slug (D:1)
  80 orcs
  9 ball pythons
  6 bats
  11 endoplasms
  3 giant cockroaches
  11 goblins
  15 hobgoblins
  30 kobolds
  4 quokkas
  2 ball python skeletons (Ossuary)
  3 frilled lizards
  A goblin skeleton (D:4)
  A hobgoblin skeleton (Ossuary)
  5 hobgoblin zombies (D:4)
  2 kobold skeletons (Ossuary)
  A kobold zombie (D:4)
  2 orc skeletons
  3 orc zombies (D:4)
  2 quokka zombies (D:4)
  3 rats
  A spectral orc (D:14)
1659 creatures vanquished.

Vanquished Creatures (collateral kills)
  A dread lich (Vaults:5)
  Boris (Vaults:3)
  A shadow dragon (Vaults:5)
  Louise (Snake:2)
  A vault warden (Vaults:1)
  An ironbound thunderhulk (Vaults:1)
  A stone giant (Vaults:5)
  2 ettins (Vaults:5)
  A yaktaur captain (Vaults:5)
  2 vault guards (Vaults:1)
  An anaconda (Snake:4)
  A centaur warrior (Vaults:1)
  4 death yaks (Lair:2)
  A naga warrior (Snake:4)
  2 shock serpents
  2 spriggans (Lair:5)
  A salamander mystic (Snake:4)
  A swamp dragon (Lair:4)
  A naga ritualist (Snake:4)
  3 deep trolls
  An ironbound convoker (Vaults:1)
  2 ugly things (Vaults:3)
  2 black mambas (Snake:4)
  A cane toad (Lair:2)
  3 yaktaurs
  A polar bear (Lair:5)
  A hornet (Lair:5)
  5 blink frogs
  5 yaks (Lair:5)
  A fire elemental (Snake:2)
  An orc warrior (Bailey)
  A boggart (Lair:5)
  12 wolves
  A bullfrog (Lair:2)
  An orc (Orc:2)
67 creatures vanquished.

Vanquished Creatures (others)
  A frost giant (Depths:2)
  A jiangshi (Depths:2)
  A naga warrior (Snake:4)
  A faun (Shoals:3)
  A cane toad (Lair:2)
  A yaktaur (Vaults:4)
  A naga (Snake:2)
  An orc priest (Vaults:5)
8 creatures vanquished.

Grand Total: 1734 creatures vanquished

Notes
Turn   | Place    | Note
-------+----------+-------------------------------------------
     0 | D:1      | uglyjohn the Mountain Dwarf Monk began the quest for the
                  | Orb.
     0 | D:1      | Reached XP level 1. HP: 19/19 MP: 1/1
    24 | D:1      | Reached skill level 1 in Invocations
    60 | D:1      | Reached skill level 1 in Armour
    66 | D:1      | Reached XP level 2. HP: 17/26 MP: 1/3
   213 | D:1      | Reached skill level 2 in Invocations
   457 | D:1      | Reached XP level 3. HP: 31/31 MP: 4/4
  1110 | D:2      | Noticed Jessica
  1115 | D:2      | Killed Jessica
  1116 | D:2      | Reached skill level 3 in Invocations
  1116 | D:2      | Reached XP level 4. HP: 36/38 MP: 6/6
  1228 | D:2      | Found a glowing golden altar of the Shining One.
  1427 | D:2      | Noticed Robin
  1443 | D:2      | Killed Robin
  1606 | D:3      | Found a broken altar of Ashenzari.
  1611 | D:3      | Found an ornate altar of the Wu Jian Council.
  1642 | D:3      | Reached skill level 4 in Invocations
  1791 | D:3      | Found a snail-covered altar of Cheibriados.
  2039 | D:3      | Reached XP level 5. HP: 39/45 MP: 8/8
  2263 | D:3      | Found a faded altar of an unknown god.
  2335 | D:4      | Found a glowing golden altar of the Shining One.
  2403 | D:4      | Found a runed translucent gate.
  2404 | D:4      | Found a runed translucent gate.
  2405 | D:4      | Found a runed translucent gate.
  2532 | D:4      | Noticed Eustachio
  2533 | D:4      | Found a white marble altar of Elyvilon.
  2542 | D:4      | Killed Eustachio
  2543 | D:4      | Reached skill level 5 in Invocations
  2543 | D:4      | Reached XP level 6. HP: 27/51 MP: 8/10
  2603 | D:4      | Noticed Grinder
  2612 | D:4      | Paralysed by Grinder for 4 turns
  2628 | D:4      | Killed Grinder
  2629 | D:4      | Reached skill level 5 in Armour
  2629 | D:4      | Reached skill level 6 in Invocations
  2629 | D:4      | Reached XP level 7. HP: 39/57 MP: 10/12
  2754 | D:4      | Found a sand-covered staircase.
  2782 | Ossuary  | Entered an ossuary
  2872 | Ossuary  | Reached skill level 7 in Invocations
  2936 | Ossuary  | Gained mutation: Your health recovers twice as slowly from
                  | being drained. [potion of mutation]
  2936 | Ossuary  | Gained mutation: You are robust. (+10% HP) [potion of
                  | mutation]
  2936 | Ossuary  | Gained mutation: You are very robust. (+20% HP) [potion of
                  | mutation]
  2937 | Ossuary  | HP: 2/58 [wight/+5 hand axe (3)]
  3676 | D:4      | Reached skill level 8 in Invocations
  3753 | D:4      | Found Xyamodif's Vocational Training.
  3841 | D:4      | Noticed Duvessa
  3842 | D:4      | Noticed Dowan
  3860 | D:4      | Killed Duvessa
  3864 | D:4      | Killed Dowan
  3864 | D:4      | HP: 1/62 [poisoned by Dowan]
  3865 | D:4      | Reached XP level 8. HP: 1/70 MP: 14/14
  4474 | D:4      | Reached skill level 9 in Invocations
  4588 | D:4      | Noticed hecktor's ghost (weakling OpHu)
  4614 | D:5      | Entered Level 5 of the Dungeon
  4659 | D:5      | Found Onelouli's Jewellery Boutique.
  4728 | D:5      | Identified the +2 short sword of Winter {drain, Fly}
  4913 | D:5      | Identified the flux talisman "Ered" {rPois rC+ Dex+2}
  4969 | D:5      | Found an opulent altar of Gozag.
  5365 | D:6      | Reached skill level 1 in Shields
  5594 | D:6      | Noticed Edmund
  5621 | D:6      | Killed Edmund
  5622 | D:6      | Reached skill level 10 in Invocations
  6195 | D:7      | Found a radiant altar of Vehumet.
  6389 | D:7      | Found a staircase to the Ecumenical Temple.
  6399 | Temple   | Entered the Ecumenical Temple
  6420 | Temple   | Became a worshipper of Makhleb the Destroyer
  6420 | Temple   | Reached * piety under Makhleb
  6420 | Temple   | Reached ** piety under Makhleb
  6505 | D:7      | Reached XP level 9. HP: 65/84 MP: 17/17
  6667 | D:7      | Reached skill level 11 in Invocations
  6676 | D:7      | Reached skill level 5 in Shields
  6944 | D:7      | Found a blossoming altar of Fedhas.
  7111 | D:7      | Reached skill level 12 in Invocations
  7547 | D:7      | Upgraded the game from 0.32-a0-799-g95e1662365 to
                  | 0.32-a0-814-g0968bab981
  7823 | D:8      | Noticed Maurice
  7839 | D:8      | Killed Maurice
  7869 | D:8      | Reached skill level 13 in Invocations
  7885 | D:8      | Reached XP level 10. HP: 71/92 MP: 19/19
  8009 | D:8      | Found a flagged portal.
  8038 | Bailey   | Entered a bailey
  8281 | Bailey   | Reached *** piety under Makhleb
  8431 | Bailey   | Noticed an orc high priest
  8446 | Bailey   | Noticed an orange demon
  8449 | Bailey   | Killed an orc high priest
  8450 | Bailey   | Reached skill level 14 in Invocations
  8457 | Bailey   | Found an iron altar of Okawaru.
  8473 | Bailey   | Identified the +4 halberd of Eternal Vigilance {venom,
                  | *Rage Dex+4}
  8501 | Bailey   | Identified the +0 leather armour of Doshred {Harm Rampage}
  8517 | Bailey   | Got Sif Muna's Essays on Signs
  9084 | Bailey   | Acquired the +0 crystal plate armour of the Snake Pit
                  | {SInv}
  9766 | D:8      | Reached skill level 15 in Invocations
 10288 | D:9      | Reached skill level 5 in Fighting
 10289 | D:9      | Reached **** piety under Makhleb
 10382 | D:9      | Noticed Maggie
 10393 | D:9      | Killed Maggie
 10419 | D:9      | Reached XP level 11. HP: 91/105 MP: 22/22
 10546 | D:9      | Noticed Erolcha
 10549 | D:9      | Killed Erolcha
 11186 | D:9      | Reached skill level 16 in Invocations
 11207 | D:9      | Noticed a two-headed ogre
 11212 | D:9      | Killed a two-headed ogre
 11294 | D:9      | Noticed a two-headed ogre
 11304 | D:9      | Killed a two-headed ogre
 11341 | D:9      | Noticed a skeletal warrior
 11666 | D:9      | Noticed a two-headed ogre
 11684 | D:9      | Killed a two-headed ogre
 11947 | D:9      | Noticed a two-headed ogre
 11958 | D:9      | Killed a two-headed ogre
 11959 | D:9      | Reached skill level 17 in Invocations
 12180 | D:9      | Noticed a two-headed ogre
 12185 | D:9      | Killed a two-headed ogre
 12203 | D:9      | Reached XP level 12. HP: 83/126 MP: 24/24
 12344 | D:9      | Identified the blade talisman "Ilumeleh" {rC+ rCorr Str-2
                  | Dex+3}
 12345 | D:9      | Got Tiuddun's Codex of Elsewhere
 12345 | D:9      | Got the Secrets of Hermetica
 12887 | D:10     | Entered Level 10 of the Dungeon
 12980 | D:10     | Reached skill level 10 in Fighting
 13004 | D:10     | Reached ***** piety under Makhleb
 13270 | D:10     | Found an ancient bone altar of Kikubaaqudgha.
 13270 | D:10     | Found a shadowy altar of Dithmenos.
 13762 | D:10     | Found a staircase to the Lair.
 13958 | D:11     | Reached skill level 18 in Invocations
 14316 | D:11     | Noticed a boulder beetle
 14336 | D:11     | Killed a boulder beetle
 14519 | D:11     | Found a staircase to the Orcish Mines.
 14524 | D:11     | Noticed a two-headed ogre
 14535 | D:11     | Killed a two-headed ogre
 15033 | Lair:1   | Entered Level 1 of the Lair of Beasts
 15477 | Lair:1   | Reached skill level 19 in Invocations
 16172 | Lair:1   | Upgraded the game from 0.32-a0-814-g0968bab981 to
                  | 0.32-a0-841-g4648e6c457
 16741 | Lair:2   | Found a gate leading to a gauntlet.
 16744 | Lair:2   | Noticed a death yak
 16744 | Lair:2   | Noticed a death yak
 16744 | Lair:2   | Noticed a death yak
 16754 | Lair:2   | Noticed a death yak
 16756 | Lair:2   | Noticed a death yak
 16759 | Lair:2   | Killed a death yak
 16762 | Lair:2   | Killed a death yak
 16762 | Lair:2   | Killed a death yak
 16763 | Lair:2   | Reached XP level 13. HP: 124/142 MP: 26/26
 16774 | Lair:2   | Reached skill level 20 in Invocations
 16862 | Gauntlet | Entered a Gauntlet
 16862 | Gauntlet | Found a transporter.
 16862 | Gauntlet | Found a transporter.
 16862 | Gauntlet | Found a transporter.
 16864 | Gauntlet | Found a transporter.
 16866 | Gauntlet | Found a transporter.
 16867 | Gauntlet | Found a transporter.
 16880 | Gauntlet | Found a transporter.
 16882 | Gauntlet | Found a transporter.
 16890 | Gauntlet | Found a transporter.
 16991 | Gauntlet | Found a transporter.
 16995 | Gauntlet | Found a transporter.
 17007 | Gauntlet | Found a transporter.
 17606 | Gauntlet | Reached skill level 5 in Axes
 17687 | Gauntlet | Identified the +1 pair of gloves of Bakk {Int+2}
 17720 | Gauntlet | Noticed a minotaur
 17730 | Gauntlet | Killed a minotaur
 18009 | Gauntlet | Identified the +1 robe of Kioviroe {rF++ Str+4}
 18143 | Lair:2   | Identified the +0 ring mail "Foqaug Goro" {rF+}
 18152 | Lair:2   | Found a staircase to the Snake Pit.
 19265 | Lair:3   | Upgraded the game from 0.32-a0-841-g4648e6c457 to
                  | 0.32-a0-859-gb0a091d592
 19591 | Lair:3   | Found a staircase to the Shoals.
 20758 | Lair:4   | Found a transporter.
 20894 | Lair:4   | Reached XP level 14. HP: 47/158 MP: 28/28
 21495 | Lair:4   | Found a transporter.
 21631 | Lair:5   | Entered Level 5 of the Lair of Beasts
 22084 | Lair:5   | Reached skill level 10 in Axes
 22106 | Lair:5   | Reached skill level 10 in Armour
 23093 | Lair:5   | Found a staircase to the Slime Pits.
 23093 | Lair:5   | Found a viscous altar of Jiyva.
 23191 | Lair:5   | Found an ornate altar of the Wu Jian Council.
 24183 | Orc:1    | Entered Level 1 of the Orcish Mines
 24253 | Orc:1    | Found a frozen archway.
 24289 | Orc:1    | Reached ****** piety under Makhleb
 24298 | IceCv    | Entered an ice cave
 24371 | IceCv    | Reached skill level 15 in Fighting
 25261 | IceCv    | Reached XP level 15. HP: 115/169 MP: 29/29
 25388 | IceCv    | Noticed a frost giant
 25417 | IceCv    | Killed a frost giant
 26416 | Orc:1    | Found a roughly hewn altar of Beogh.
 26564 | Orc:2    | Entered Level 2 of the Orcish Mines
 26683 | Orc:2    | Found a staircase to the Elven Halls.
 26716 | Orc:2    | Found a roughly hewn altar of Beogh.
 26990 | Orc:2    | Found Nozxil's Book Emporium.
 26998 | Orc:2    | Bought a manual of Axes for 1200 gold pieces
 27531 | Orc:1    | Reached skill level 15 in Axes
 28133 | Orc:2    | Noticed Nessos
 28316 | Orc:2    | Killed Nessos
 28434 | Orc:2    | Paralysed by an ogre mage for 4 turns
 29051 | Orc:2    | Noticed Josephine
 29076 | Orc:2    | Killed Josephine
 29312 | Orc:2    | Found Ripsia's Book Shoppe.
 29312 | Orc:2    | Found Gyitejuu's Book Shop.
 29313 | Orc:2    | Found Eclox's Assorted Antiques.
 29313 | Orc:2    | Found Nigry's Assorted Antiques.
 29321 | Orc:2    | Bought a scroll of identify for 60 gold pieces
 29321 | Orc:2    | Bought a blackened copper amulet for 150 gold pieces
 29321 | Orc:2    | Bought a scroll labelled IQILLE KIMUUCU for 30 gold pieces
 29322 | Orc:2    | Bought a puce potion for 35 gold pieces
 29322 | Orc:2    | Bought a scroll of identify for 78 gold pieces
 30364 | D:12     | Found a runed translucent door.
 30364 | D:12     | Found a shimmering altar of Xom.
 30364 | D:12     | Noticed Skryme's ghost (journeyman DsFi)
 30802 | D:12     | Found Pifuzim's CLEARANCE SALE!.
 30810 | D:12     | Bought a potion of curing for 18 gold pieces
 31289 | D:13     | Identified the +1 robe of Dishonesty {Harm rN++ Will+
                  | Regen+ Slay-5}
 31883 | D:13     | Found a gate to the Vaults.
 31902 | D:13     | Reached XP level 16. HP: 172/178 MP: 30/30
 31985 | D:13     | Noticed Snorg
 31996 | D:13     | Killed Snorg
 32487 | D:14     | Identified the +4 quarterstaff of Accord {spect, rN+}
 32784 | D:14     | Reached skill level 10 in Shields
 32914 | D:14     | Found a basalt altar of Yredelemnul.
 33534 | D:5      | Bought an amulet of guardian spirit for 420 gold pieces
 33534 | D:5      | Bought a ring of poison resistance for 280 gold pieces
 33960 | D:4      | Killed hecktor's ghost
 34176 | D:12     | Killed Skryme's ghost
 34576 | Snake:1  | Entered Level 1 of the Snake Pit
 34636 | Snake:1  | Upgraded the game from 0.32-a0-859-gb0a091d592 to
                  | 0.32-a0-900-g30fb1b0edc
 34866 | Snake:1  | Identified the serpent talisman of Gozag's Displeasure {rN+
                  | Int-3 SInv Stlth+}
 34866 | Snake:1  | Noticed Aizul
 34892 | Snake:1  | Killed Aizul
 36293 | Snake:1  | Found an opulent altar of Gozag.
 37078 | Snake:1  | Identified the ring "Onuitoel" {rN+ Will+ rCorr Str-2
                  | Dex+6}
 37497 | Snake:1  | Found Boxt's Book Boutique.
 37899 | Snake:2  | Noticed Louise
 38026 | Snake:2  | Noticed Azrael
 38182 | Snake:2  | Found a runed translucent door.
 39566 | Snake:2  | Noticed Goc Tato's ghost (journeyman FeBe)
 39566 | Snake:2  | Killed Louise
 39657 | Snake:2  | Killed Azrael
 40062 | Snake:2  | Found Kirivuc's Magic Scroll Boutique.
 40114 | Snake:2  | Found Kuifuott's General Store.
 40169 | Snake:2  | Reached XP level 17. HP: 73/182 MP: 23/31
 41083 | Snake:2  | Found Goal's Jewellery Boutique.
 41294 | Snake:2  | Found Xozxi's Book Emporium.
 41709 | Snake:2  | Reached skill level 21 in Invocations
 42003 | Snake:2  | HP: 9/190 [Goc Tato's ghost (24)]
 42657 | Snake:3  | Found Bohat's General Store.
 42661 | Snake:3  | Bought a potion of curing for 39 gold pieces
 43171 | Snake:3  | Found Joluadgh's Weapon Boutique.
 44016 | Snake:3  | Found Myxkuem's Antique Weapon Shop.
 44453 | Snake:4  | Entered Level 4 of the Snake Pit
 45451 | Snake:4  | Reached skill level 22 in Invocations
 45453 | Snake:4  | HP: 7/192 [salamander mystic/bolt of magma (16)]
 47774 | Snake:4  | Noticed a quicksilver dragon
 47790 | Snake:4  | Reached XP level 18. HP: 121/201 MP: 21/33
 47974 | Snake:4  | Got a serpentine rune of Zot
 48346 | D:15     | Entered Level 15 of the Dungeon
 48391 | D:15     | Reached skill level 23 in Invocations
 48665 | D:15     | Found a staircase to the Depths.
 48679 | D:15     | Noticed Roxanne
 48709 | D:15     | Killed Roxanne
 49478 | D:15     | Reached XP level 19. HP: 208/208 MP: 34/34
 50154 | Shoals:1 | Entered Level 1 of the Shoals
 50170 | Shoals:1 | Noticed Jorgrun
 50565 | Shoals:1 | Killed Jorgrun
 51671 | Snake:2  | Killed Goc Tato's ghost
 51891 | Snake:2  | Bought the ring of the Ancients {rF+ rN+ Slay+3} for 745
                  | gold pieces
 53126 | Shoals:3 | Reached skill level 24 in Invocations
 53488 | Shoals:4 | Entered Level 4 of the Shoals
 53488 | Shoals:4 | Noticed Polyphemus
 53558 | Shoals:3 | Killed Polyphemus
 54180 | Shoals:4 | Got an azure gem with 0 turns to spare
 54182 | Shoals:4 | Got a barnacled rune of Zot
 55188 | Vaults:1 | Entered Level 1 of the Vaults
 55286 | Vaults:1 | HP: 6/208 [ironbound preserver/+2 flail of protection[a
                  | vault warden] (16)]
 55287 | Vaults:1 | HP: 2/208 [ironbound preserver/+2 flail of protection[a
                  | vault warden] (5)]
 55311 | Vaults:1 | Reached skill level 25 in Invocations
 55611 | Vaults:1 | Upgraded the game from 0.32-a0-900-g30fb1b0edc to
                  | 0.32-a0-913-g739538afd8
 55811 | Vaults:1 | Reached skill level 1 in Evocations
 55811 | Vaults:1 | Reached XP level 20. HP: 218/219 MP: 36/36
 55971 | Vaults:1 | Reached skill level 5 in Evocations
 57127 | Vaults:1 | Found Piasuy's Assorted Antiques.
 57134 | Vaults:1 | Bought a potion of heal wounds for 150 gold pieces
 57250 | Vaults:1 | Identified the +1 hat "Kon Qonu" {Dex+4}
 57259 | Vaults:1 | Found a radiant altar of Vehumet.
 57275 | Vaults:1 | Identified the +0 robe of the Evil One {rPois Will+}
 57276 | Vaults:1 | Identified the +0 robe of the Feral God {rPois Str+4 Dex-2}
 57287 | Vaults:1 | Identified the -1 hat of Conscience {rPois rF- Will+
                  | Regen+}
 57794 | Vaults:2 | Noticed an ancient lich
 57815 | Vaults:2 | Found a transporter.
 57818 | Vaults:2 | Noticed Plog's ghost (veteran CoAr)
 57819 | Vaults:2 | Found a transporter.
 57853 | Vaults:2 | Reached skill level 5 in Dodging
 58052 | Vaults:2 | Identified the death talisman "Siryuq" {Dex+4}
 58114 | Vaults:2 | Killed an ancient lich
 59197 | Vaults:3 | Reached XP level 21. HP: 148/229 MP: 24/37
 59344 | Vaults:3 | Identified the +2 robe "Opig" {rElec Str+2}
 59344 | Vaults:3 | Noticed Boris
 59353 | Vaults:3 | Killed Boris
 59813 | Vaults:3 | Found a staircase to the Crypt.
 60097 | Vaults:3 | Identified the +5 triple crossbow of the Enchanted Forest
                  | {speed, rC+ Will++}
 60478 | Vaults:3 | Reached skill level 15 in Armour
 60834 | Vaults:4 | Paralysed by a sphinx for 4 turns
 61456 | Vaults:4 | Paralysed by a formless jellyfish for 1 turns
 61553 | Vaults:4 | Identified the ring "Rejuej" {rCorr Int+6 SInv}
 61563 | Vaults:4 | Identified the +8 mace "Tureicacs" {freeze, Int+2}
 61563 | Vaults:4 | Identified the +3 leather armour of the Journeyman {Will+
                  | Dex+3}
 61833 | Vaults:4 | Identified the staff of Plog {rPois rCorr Stlth+ Alchemy}
 62459 | Vaults:4 | Noticed Qecvurom's ghost (adept DrRe)
 62462 | Vaults:4 | Found a transporter.
 62470 | Vaults:4 | Found a transporter.
 62754 | Vaults:4 | Killed Qecvurom's ghost
 62932 | Vaults:1 | Bought a potion of haste for 300 gold pieces
 63210 | Vaults:5 | Entered Level 5 of the Vaults
 63734 | Vaults:4 | Reached XP level 22. HP: 139/247 MP: 38/38
 63903 | Vaults:5 | Noticed a dread lich
 64071 | Vaults:4 | Killed a dread lich
 64993 | Abyss:2  | Cast into level 2 of the Abyss (a deep elf sorcerer)
 65282 | Abyss:2  | Found a corrupted altar of Lugonu.
 65286 | Vaults:4 | Escaped the Abyss
 65290 | Vaults:4 | Reached skill level 15 in Shields
 65905 | Vaults:5 | Paralysed by a sphinx for 3 turns
 65909 | Vaults:5 | Identified the +4 robe of Objectivity {Slay+2}
 65909 | Vaults:5 | Noticed Boris
 66233 | Vaults:5 | Identified the +4 lajatang of Unreason {venom, rElec rC+}
 66404 | Vaults:5 | Identified the amulet of Tewkekle {Regen+ rCorr}
 66454 | Vaults:5 | HP: 6/241 [sphinx/divine providence (13)]
 66972 | Vaults:5 | Noticed a dread lich
 66979 | Vaults:5 | Killed a dread lich
 67211 | Vaults:5 | Found the +7 captain's cutlass {speed, disarm}
 67223 | Vaults:5 | Killed Boris
 67554 | Vaults:5 | Got a silver rune of Zot
 67653 | Vaults:5 | Noticed an ancient lich
 67654 | Vaults:5 | Identified the +6 sling of Nicosi {freeze, Dex+2}
 67657 | Vaults:5 | Killed an ancient lich
 67778 | Vaults:5 | Found the +3 pair of seven-league boots {Rampage+∞}
 67804 | Vaults:5 | Identified the +3 chain mail of Abstinence {rN++}
 68161 | D:4      | Bought a manual of Evocations for 1040 gold pieces
 69209 | Depths:1 | Entered Level 1 of the Depths
 69670 | Depths:1 | Found a one-way gateway to a ziggurat.
 69732 | Depths:1 | Found a gateway to Hell.
 70063 | Depths:1 | Found Juleyg's Magic Scroll Boutique.
 70161 | Depths:2 | Found a one-way gate leading to the halls of Pandemonium.
 70239 | Depths:2 | Identified the +4 robe "Rut Qiyf" {+Blink Str+3}
 70239 | Depths:2 | Noticed Boris
 70261 | Depths:1 | Identified the +2 quarterstaff of Mueskec {vamp, Str+2}
 70464 | Depths:2 | Killed Boris
 70465 | Depths:2 | Reached XP level 23. HP: 16/256 MP: 39/39
 71393 | Depths:2 | Found a viscous altar of Jiyva.
 71393 | Depths:2 | Found a transporter.
 71417 | Depths:2 | Found a transporter.
 71631 | Depths:3 | Noticed a juggernaut
 71647 | Depths:3 | Killed a juggernaut
 71648 | Depths:3 | Reached skill level 10 in Evocations
 71668 | Depths:3 | HP: 7/256 [spark wasp (9)]
 71668 | Depths:3 | Mangled by a spark wasp

Illustrated notes

Levels and vault maps discovered:
D:1:      dpeg_arrival_rooms_c, layout_rooms
D:2:      layout_basic, basic_altar, uniq_jessica, uniq_robin
D:3:      layout_basic, lemuel_coloured_pillars_altar,
          mainiacjoe_overflow_catwalk_spiral, basic_ecumenical_altar
D:4:      layout_loops_corners, nicolae_tso_besieged_by_evil,
          mainiacjoe_overflow_catwalk, gammafunk_ghost_icy, enter_ossuary_4,
          nicolae_shop_vocational, uniq_duvessa, uniq_grinder, uniq_eustachio
D:5:      layout_rooms, overflow_temple_1_default, serial_shops,
          nicolae_shop_advertising_works [nicolae_subvault_shop_adworks],
          serial_bayou_pond_a
D:6:      layout_loops_ring, minmay_fire_ice_demons, uniq_edmund
D:7:      layout_basic, lemuel_tele_altar, vehumet_crystals,
          minmay_temple_entry_glass, minivault_11, grunt_livestock
D:8:      wad_crossroads, layout_cave_pools, enter_bailey_7, uniq_maurice
D:9:      minmay_the_grid_4x2 [minmay_the_grid_tiny_cups,
          minmay_the_grid_dragon_b, minmay_the_grid_minigrid_medium,
          minmay_the_grid_minigrid_large, minmay_the_grid_medium_cups,
          minmay_the_grid_outer_diamond, minmay_the_grid_small_cups,
          minmay_the_grid_prize_shrinking_boxes], layout_basic, uniq_erolcha,
          uniq_maggie
D:10:     layout_basic, gammafunk_temple_overflow_wave, lair_entry_dummy,
          grunt_decor_junction
D:11:     layout_gridville, minmay_orc_entry_guard_dogs
D:12:     layout_loops_ring, ebering_ghost_xom, nicolae_shop_clearance
D:13:     layout_long_grid, erik_vaults_2, uniq_snorg
D:14:     layout_rooms, serial_corexii_hall, corexii_hall_statues_t,
          chequers_hall_statues_y, corexii_hall_statues_u,
          chequers_hall_statues_corner_a, yredelemnul_forgotten_temple_becter
D:15:     grunt_enter_depths_magical_seal, layout_loops_corners,
          lightli_wizard_tower, uniq_roxanne
Temple:   nicolae_temple_godzebo
Lair:1:   layout_cave_pods
Lair:2:   layout_layer_cave, nicolae_snake_entry_squirm, gauntlet_entry_generic
Lair:3:   layout_cave_pods, minmay_shoals_entry_hut,
          grunt_forest_large_clearings, serial_bayou_shore_b
Lair:4:   gammafunk_cloud_chamber, layout_loops_ring, beast_lair_carwin_4
Lair:5:   minmay_lair_end_enchanted_forest, layout_cellular_growth,
          slime_entry_1, basic_altar
Shoals:1: layout_shoals, uniq_jorgrun
Shoals:2: layout_shoals
Shoals:3: layout_shoals, nicolae_shoals_cliffside_cave
Shoals:4: shoals_end_grunt_ice, layout_shoals, uniq_polyphemus
Snake:1:  layout_onion_interference, serial_shops, nicolae_book_shop_shelving,
          serial_bayou, serial_bayou_crossing, serial_bayou_shore_a,
          serial_bayou_pond_d, serial_bayou_lagoon_b, lemuel_oklob_altar,
          uniq_aizul
Snake:2:  layout_cave_town, ebering_ghost_reflecting_pool, serial_shops, shop,
          shop, shop, nicolae_shop_rolled_up, uniq_louise, uniq_azrael
Snake:3:  layout_chambers, serial_shops, shop,
          nicolae_shop_competitors_out_of_business,
          serial_library_hellmonk_room_a, minmay_shop_star
Snake:4:  hellmonk_snake_rune_quicksilver_temple, layout_cave_town, drop_trap,
          nicolae_large_snake_swirl
Orc:1:    layout_caves, portal_ice_cave_entry_animals_and_master, mines1_david
Orc:2:    st_orc_ogre_mass, layout_diamond_mine, serial_shops,
          nicolae_diamond_shop, basic_altar, guppyfry_orc_lava_fort,
          uniq_nessos, uniq_josephine
Vaults:1: nicolae_vaults_turnstiles, nicolae_vaults_meiosis,
          nicolae_vaults_angled_halls, vaults_dpeg_diagonal,
          hangedman_vaults_corner, nicolae_vaults_offset_grid_hallway_3,
          grunt_tower_of_power, v_misc_27, nicolae_vaults_oval_intersection,
          vaults_dpeg_encased_lava, nicolae_vaults_rhombus_6,
          hangedman_vaults_hat, hangedman_vaults_nails,
          nicolae_vaults_lightning_bolt, nicolae_vaults_apartment_1,
          nicolae_vaults_trapezoid_lopsided_4, layout_vaults_maze, serial_shops,
          nicolae_shop_stone
Vaults:2: gammafunk_ghost_mausoleum, hangedman_vaults_stagger,
          nicolae_vaults_little_squares_6, nicolae_vaults_sesquioval_fish,
          nicolae_vaults_wrenched, nicolae_vaults_storage_closets_1, v_misc_11,
          dpeg_vaults_monster_row, ontoclasm_vaults_twist, vaults_dpeg_cross,
          nicolae_vaults_tetromino_Z_2, layout_vaults_omnibox
Vaults:3: nicolae_vaults_yaktaur_gun_rack, minmay_crypt_entry_simple_plaza,
          hangedman_vaults_cutoff, nicolae_vaults_ninety_degrees,
          nicolae_vaults_stepped_doors, v_pattern_2,
          nicolae_vaults_three_branches, layout_vaults_big_room, serial_glass,
          uniq_margery, uniq_boris
Vaults:4: gammafunk_ghost_arena, nicolae_vaults_storing_the_good_stuff,
          nicolae_vaults_what_the_h, ontoclasm_vaults_claustrophobia,
          nicolae_vaults_doubleplus_tesselated,
          nicolae_vaults_closet_pinwheel_2, nicolae_vaults_sesquioval_fish,
          nicolae_vaults_tetromino_Z_2, layout_vaults_omnigrid
Vaults:5
Depths:1: layout_cave_pools, enter_ziggurat_b, kennysheep_flooded_box,
          hell_entry, minmay_misc_feat_hallway, grunt_decor_resistance,
          kennysheep_small_square, firewood_loft
Depths:2: gammafunk_jiyva_shrine, layout_twisted_cross, hellmouth_2,
          hangedman_decor_riveting, pan_entry, serial_bayou_shore_b
Depths:3: minmay_central_circle, layout_basic, abyss_entry_crystal,
          nicolae_zig_zag_zippers, hell_entry, drop_trap

Skill      XL: |  1  2  3  4  5  6  7  8  9 10 11 12 13 14 15 16 17 18 19 20 21 22 23 |
---------------+----------------------------------------------------------------------+-----
Invocations    | 1 2 3 4 5 6 8 10 13 15 17 19 20 22 23 25 | 25.0
Armour         | 1 2 3 4 5 7 9 11 13 17 21 | 21.8
Shields        | 4 7 9 11 12 13 16 | 16.6
Fighting       | 5 9 12 14 15 16 17 19 | 19.6
Axes           | 9 13 20 21 23 24 | 24.8
Evocations     | 1 8 11 | 11.6
Dodging        | 8 |  8.2

Action                     |  1- 3 |  4- 6 |  7- 9 | 10-12 | 13-15 | 16-18 | 19-21 | 22-24 || total
---------------------------+-------+-------+-------+-------+-------+-------+-------+-------++-------
  Melee: Hand axe          |    80 |   169 |   316 |    30 |       |       |       |       ||   595
         War axe           |       |       |       |    37 |   164 |   265 |       |       ||   466
         Broad axe         |       |       |       |       |       |   171 |   937 |   517 ||  1625
 Invoke: Minor Destruction |       |       |    93 |   712 |  1669 |  1075 |   526 |    45 ||  4120
         Lesser Servant of |       |       |       |     3 |     3 |     3 |     3 |       ||    12
         Major Destruction |       |       |       |    11 |    27 |    40 |    41 |     5 ||   124
         Greater Servant o |       |       |       |     1 |     2 |     2 |     7 |     4 ||    16
  Evoke: Wand              |       |     3 |    17 |    15 |     3 |     7 |       |     1 ||    46
         Condenser vane    |       |       |       |       |       |       |     1 |       ||     1
    Use: Scroll            |       |     1 |     3 |     9 |    13 |    14 |     9 |     8 ||    57
         Potion            |       |       |     3 |     1 |     1 |     5 |     9 |     5 ||    24
   Stab: Distracted        |       |       |       |       |       |       |     5 |     2 ||     7
 Armour: Robe              |    26 |       |       |       |       |       |       |       ||    26
         Ring mail         |     4 |       |       |       |       |       |       |       ||     4
         Scale mail        |    21 |   130 |    78 |       |       |       |       |       ||   229
         Chain mail        |       |       |   268 |   431 |   936 |  1272 |   448 |       ||  3355
         Crystal plate arm |       |       |       |       |       |       |   796 |   765 ||  1561
  Dodge: Dodged            |    44 |    97 |   129 |   141 |   659 |   437 |   472 |   128 ||  2107
  Block: Kite shield       |       |       |   113 |   280 |   858 |   731 |   810 |    38 ||  2830
         Reflection        |       |       |       |       |       |       |    15 |    31 ||    46
         Tower shield      |       |       |       |       |       |       |       |   846 ||   846

Table legend: (Time is in decaauts)
 A = Elapsed time spent in this place.
 B = Non-inter-level travel time spent in this place.
 C = Inter-level travel time spent in this place.
 D = Time resting spent in this place.
 E = Time spent auto-exploring this place.
 F = Levels seen in this place.
 G = Mean time per level.
                   A        B        C        D        E       F      G
               +--------+--------+--------+--------+--------+-----+--------+
         Total |  74715 |  68514 |   6201 |  24883 |  28500 |  44 | 1698.1 |
       Dungeon |  22013 |  19202 |   2811 |   4449 |  10975 |  15 | 1467.5 |
        Temple |     94 |     73 |     21 |     37 |      0 |   1 |   94.0 |
          Lair |   9660 |   8564 |   1096 |   2521 |   4273 |   5 | 1932.0 |
        Shoals |   4242 |   3842 |    400 |    937 |   1780 |   4 | 1060.5 |
     Snake Pit |  14496 |  13940 |    556 |   7494 |   3906 |   4 | 3624.0 |
  Orcish Mines |   3631 |   3571 |     60 |   1368 |   1336 |   2 | 1815.5 |
        Vaults |  12791 |  11592 |   1199 |   4671 |   3811 |   5 | 2558.2 |
        Depths |   2121 |   2068 |     53 |    741 |    828 |   3 |  707.0 |
         Abyss |    302 |    302 |      0 |    188 |      0 |   1 |  302.0 |
       Ossuary |    847 |    847 |      0 |    482 |    187 |   1 |  847.0 |
        Bailey |   1369 |   1369 |      0 |    603 |    390 |   1 | 1369.0 |
      Ice Cave |   1958 |   1958 |      0 |    669 |    865 |   1 | 1958.0 |
      Gauntlet |   1185 |   1185 |      0 |    722 |    146 |   1 | 1185.0 |
               +--------+--------+--------+--------+--------+-----+--------+

Top non-repeatable levels by time:
 Snake:1: 5805 daAuts
Vaults:4: 4032 daAuts
 Snake:4: 3777 daAuts
Vaults:1: 2699 daAuts
 Snake:2: 2686 daAuts
Vaults:5: 2580 daAuts
     D:9: 2573 daAuts
 Snake:3: 2226 daAuts
  Lair:5: 2225 daAuts
    D:12: 2188 daAuts
    D:15: 2121 daAuts
  Lair:3: 2043 daAuts
   IceCv: 1958 daAuts
   Orc:2: 1881 daAuts
  Lair:2: 1849 daAuts
